 Dungeon Crawl Stone Soup version 0.32-a0-834-geaf45d8e21 (webtiles) character file.

Game seed: 7442896750590623158

3865 smashvw the Protected (level 9, 0/81 HPs)
             Began as an Armataur Berserker on Mar 25, 2024.
             Was an Elder of Trog.
             Slain by an ice beast (14 damage)
             ... on level 8 of the Dungeon.
             The game lasted 00:13:26 (7334 turns).

smashvw the Protected (Armataur Berserker)          Turns: 7334, Time: 00:13:27

Health: 0/81       AC: 12    Str: 33    XL:     9   Next: 99%
Magic:  9/9        EV:  7    Int:  7    God:    Trog [****..]
Gold:   364        SH:  0    Dex: 10    Spells: 8/8 levels left

rFire   . . .        x - +1 whip (venom)
rCold   . . .        (no shield)
rNeg    . . .        I - +0 chain mail
rPois   .            (no helmet)
rElec   .            z - +0 cloak
rCorr   .            (no gloves)
SInv    .            (no barding)
Will    .....        (no amulet) Stlth
                     y - +6 ring of strength
HPRegen 0.98/turn    n - +4 ring of slaying
MPRegen 0.44/turn

%: roll
@: no status effects
A: large, deformed body, tough skin 3, armoured tail, rollpage 2
a: Renounce Religion, Berserk, Trog's Hand, Brothers in Arms


You were on level 8 of the Dungeon.
You worshipped Trog.
Trog was greatly pleased with you.
You visited 1 branch of the dungeon, and saw 8 of its levels.
You also visited: Sewer.

You collected 364 gold pieces.

Inventory:

Hand Weapons
 a - a +0 mace
 x - a +1 whip of venom (weapon)
Missiles
 f - 33 poisoned darts (quivered)
 i - 3 silver javelins
 u - 3 throwing nets
Armour
 z - a +0 cloak (worn)
 I - a +0 chain mail (worn)
Jewellery
 k - a ring of poison resistance
 n - a +4 ring of slaying (right hand)
 y - a +6 ring of strength (left hand)
 E - a ring of ice
Talismans
 F - a maw talisman
Scrolls
 b - a scroll of noise
 d - 3 scrolls of enchant armour
 e - 6 scrolls of teleportation
 l - 2 scrolls of blinking {unknown}
 m - 3 scrolls of enchant weapon {unknown}
 o - a scroll of amnesia
 v - a scroll of silence
 w - 2 scrolls of torment
 A - 2 scrolls of revelation
 B - a scroll of fog
 G - a scroll of acquirement {unknown}
Potions
 c - a potion of degeneration {unknown}
 g - a potion of brilliance
 h - 4 potions of enlightenment
 j - a potion of ambrosia
 p - 2 potions of magic
 q - 2 potions of resistance
 r - 2 potions of cancellation
 s - 2 potions of might
 t - 2 potions of curing {unknown}
 C - 2 potions of heal wounds {unknown}
 H - a potion of lignification {unknown}


   Skills:
 + Level 8.3 Fighting
 + Level 8.2 Maces & Flails
 - Level 10.0 Armour
 - Level 1.3 Dodging


You had 8 spell levels left.
You didn't know any spells.
Your spell library was empty.

Dungeon Overview and Level Annotations

Branches:
Dungeon (8/15)             Temple (0/1) D:7           Sewer (visited)
   Lair: D:8-11

Altars:
Gozag
Okawaru
Sif Muna
Trog
Uskayaw
Vehumet
Xom

Annotations:
D:4 2 runed translucent doors, Spacecowgir2's ghost, amateur MDFi
D:7 1 runed translucent door, smashvw's ghost, novice VSFi
D:8 Grum


Innate Abilities, Weirdness & Mutations

Armour fits poorly on your strangely shaped body.
You have extremely tough skin. (AC +3)
You have a long armoured tail.
You regenerate magic and health when rolling toward enemies. (Rampage Regen)


Message History

The wolf bites you but does no damage. Grum hits you but does no damage.
You completely miss the wolf.
The wolf is lightly wounded.
The wolf bites you but does no damage.
You hit the wolf.
The wolf looks as sick as possible!
Your tail-slap misses the wolf.
The wolf is moderately wounded.
The wolf bites you. Grum closely misses you. The wolf barely misses you.
You miss the wolf.
The wolf is heavily wounded.
The wolf barely misses you. Grum hits you but does no damage.
You barely miss the wolf.
The wolf is heavily wounded.
The wolf bites you but does no damage. x2
You whack the wolf!
The wolf looks as sick as possible!
The wolf is almost dead.
You kill the wolf!
Trog accepts your kill.
Grum grunts.
Grum hits you from afar with a +1 glaive of protection!!
Grum barely misses you.
You hit Grum but do no damage.
Grum is poisoned.
Grum hits you with a +1 glaive of protection!!
* * * LOW HITPOINT WARNING * * *
Okay, then.
As you read the scroll of fear, it crumbles to dust.
You assume a fearsome visage.
Grum looks frightened!
Press: ? - help, v - describe, . - travel
Here: Grum, wielding a +1 glaive of protection and wearing a +0 animal skin (fleeing, very poisoned)
The floor.
An ice beast comes into view.
Found a helmet.
You roll towards the ice beast!
You barely miss the ice beast. You whack the ice beast!
The ice beast is moderately wounded.
The ice beast hits you.
* * * LOW HITPOINT WARNING * * *
The ice beast freezes you!
You die...

#......# . ######.# .#
##########)###########.#
#.......##))...........#
#.......###)...........#
#........##.............
#[.......##............#
+........##.......######
#.....Y@.########..#####
#.......................
#.##+#############......
#........ #.#######
###### #.# #.g†.# #.#
#.# #.# #.####.#


You could see an ice beast.

Vanquished Creatures
  4 yaks (D:7)
  2 black bears (D:5)
  An orc warrior (D:7)
  2 sky beasts
  4 ogres
  2 ice beasts (D:7)
  2 wolves (D:8)
  2 phantoms (D:6)
  A centaur (D:7)
  3 kobold brigands
  2 brain worms (Sewer)
  3 scorpions (D:6)
  6 wights (D:7)
  6 killer bees (D:7)
  2 howler monkeys (D:7)
  3 bombardier beetles
  4 hounds
  A gnoll bouda (D:8)
  A sleepcap (D:5)
  5 iguanas
  2 orc wizards
  13 adders
  7 gnolls
  2 river rats
  A white imp (D:7)
  4 ufetubi
  4 dart slugs
  2 ribbon worms (D:4)
  10 orcs
  6 ball pythons
  5 endoplasms
  3 giant cockroaches
  3 goblins
  A hobgoblin (D:1)
  3 quokkas
  A bat (D:2)
  10 frilled lizards
  21 kobolds
  12 rats
166 creatures vanquished.

Notes
Turn   | Place    | Note
-------+----------+-------------------------------------------
     0 | D:1      | smashvw the Armataur Berserker began the quest for the Orb.
     0 | D:1      | Reached XP level 1. HP: 18/18 MP: 1/1
   433 | D:1      | Reached XP level 2. HP: 25/25 MP: 2/2
   653 | D:1      | Found a faded altar of an unknown god.
  1002 | D:2      | Reached skill level 3 in Armour
  1607 | D:2      | Reached XP level 3. HP: 31/31 MP: 3/3
  1913 | D:3      | Reached ** piety under Trog
  1980 | D:3      | Reached XP level 4. HP: 35/38 MP: 4/4
  2058 | D:3      | You fall into a shaft and drop 2 floors!
  2058 | D:5      | Entered Level 5 of the Dungeon
  2068 | D:5      | Found a radiant altar of Vehumet.
  2069 | D:5      | Found an iron altar of Okawaru.
  2282 | D:4      | Reached skill level 4 in Armour
  2286 | D:4      | Reached XP level 5. HP: 35/46 MP: 5/5
  2440 | D:4      | Found a runed translucent door.
  2480 | D:4      | Found a glowing drain.
  2486 | Sewer    | Entered a sewer
  2600 | Sewer    | Reached XP level 6. HP: 52/52 MP: 6/6
  2647 | Sewer    | Reached skill level 5 in Armour
  3339 | D:4      | Found a runed translucent door.
  3342 | D:4      | Noticed Spacecowgir2's ghost (amateur MDFi)
  3660 | D:3      | Found a bloodstained altar of Trog.
  3875 | D:3      | Found a shimmering blue altar of Sif Muna.
  4292 | D:4      | Found an opulent altar of Gozag.
  4713 | D:5      | Gained mutation: You regenerate magic and health when
                  | rolling toward enemies. (Rampage Regen) [Armataur growth]
  4713 | D:5      | Reached XP level 7. HP: 48/60 MP: 7/7
  4782 | D:5      | Reached *** piety under Trog
  4789 | D:5      | Reached skill level 5 in Fighting
  4867 | D:5      | Reached skill level 5 in Maces & Flails
  4867 | D:5      | Reached skill level 6 in Armour
  5403 | D:6      | Reached XP level 8. HP: 68/70 MP: 8/8
  5505 | D:6      | Reached skill level 7 in Armour
  6005 | D:6      | Found a hide-covered altar of Uskayaw.
  6012 | D:6      | Reached skill level 8 in Armour
  6283 | D:7      | Reached **** piety under Trog
  6284 | D:7      | Reached XP level 9. HP: 72/78 MP: 9/9
  6324 | D:7      | Reached skill level 9 in Armour
  6554 | D:7      | Found a staircase to the Ecumenical Temple.
  7072 | D:7      | Reached skill level 10 in Armour
  7098 | D:7      | Found a runed translucent door.
  7099 | D:7      | Found a shimmering altar of Xom.
  7099 | D:7      | Noticed smashvw's ghost (novice VSFi)
  7100 | D:7      | Noticed a +2 flail of chaos
  7294 | D:8      | Noticed Grum
  7334 | D:8      | Slain by an ice beast

Illustrated notes

Levels and vault maps discovered:
D:1:      kilobyte_arrival_exit_the_forest, layout_loops_corners,
          chequers_ecumenical_altar_simple_redux, dreamdust_mushroom_princess
D:2:      layout_basic, minmay_misc_feat_encased
D:3:      layout_loops_cross, mainiacjoe_overflow_boulevard,
          mainiacjoe_overflow_cross_hatched
D:4:      layout_layer_cave, lemuel_crystal_altar, ebering_ghost_sewer_f,
          gup_sewer_entry_bubbles
D:5:      layout_basic, gammafunk_temple_overflow_pools
D:6:      layout_loops_ring, nicolae_uskayaw_dance_studio
D:7:      layout_rooms, minmay_temple_entry_hall, ebering_ghost_xom,
          minmay_increasing_density
D:8:      layout_basic, dreamdust_divine_triumvirate, nicolae_grassy_gnolls,
          uniq_grum

Skill      XL: |  1  2  3  4  5  6  7  8  9 |
---------------+----------------------------+-----
Fighting       | 3 4 5 6 8 |  8.3
Maces & Flails | 3 4 5 6 8 |  8.2
Armour         | 3 4 5 6 8 10 | 10.0
Dodging        | |  1.3

Action                     |  1- 3 |  4- 6 |  7- 9 || total
---------------------------+-------+-------+-------++-------
  Melee: Mace              |    67 |   126 |       ||   193
         Tailslap          |     9 |    12 |    37 ||    58
         Whip              |       |    18 |   303 ||   321
 Invoke: Berserk           |       |     2 |     6 ||     8
    Use: Scroll            |       |       |    16 ||    16
         Potion            |       |       |     1 ||     1
 Armour: Animal skin       |    23 |       |       ||    23
         Scale mail        |    22 |   115 |   193 ||   330
         Chain mail        |       |       |    52 ||    52
  Dodge: Dodged            |    26 |    45 |   107 ||   178

Table legend: (Time is in decaauts)
 A = Elapsed time spent in this place.
 B = Non-inter-level travel time spent in this place.
 C = Inter-level travel time spent in this place.
 D = Time resting spent in this place.
 E = Time spent auto-exploring this place.
 F = Levels seen in this place.
 G = Mean time per level.
                   A        B        C        D        E       F      G
               +--------+--------+--------+--------+--------+-----+--------+
         Total |   7377 |   7173 |    204 |    169 |   5925 |   9 |  819.7 |
       Dungeon |   6887 |   6683 |    204 |    162 |   5600 |   8 |  860.9 |
         Sewer |    489 |    489 |      0 |      7 |    324 |   1 |  489.0 |
               +--------+--------+--------+--------+--------+-----+--------+

Top non-repeatable levels by time:
     D:4: 1529 daAuts
     D:2: 968 daAuts
     D:7: 945 daAuts
     D:1: 921 daAuts
     D:6: 877 daAuts
     D:3: 747 daAuts
     D:5: 690 daAuts
   Sewer: 489 daAuts
     D:8: 207 daAuts
